[Event "Early-Titled-Tuesday-Blitz-March-19-2024"]
[Site "Chess.com"]
[Date "2024.03.19"]
[Round "10"]
[White "Shuvalov"]
[Black "UK_23"]
[Result "1-0"]
[WhiteElo "2582"]
[BlackElo "2398"]
[TimeControl "180+1"]
[EndTime "9:55:13 PDT"]
[Termination "Shuvalov won by resignation"]

1. d4 d5 2. c4 e6 3. Nf3 Nf6 4. Nc3 Be7 5. Bf4 O-O 6. e3 b6 7. Bd3 Bb7 8. cxd5 Nxd5 9. Nxd5 exd5 10. Qc2 h6 11. Qxc7 Qxc7 12. Bxc7 Bb4+ 13. Ke2 Rc8 14.
Rhc1 Na6 15. Bg3 f6 16. Bf5 Re8 17. a3 Bf8 18. b4 Kf7 19. Nh4 Red8 20. Ng6 Bc8 21.
Bd3 Nb8 22. Rc7+ Kg8 23. Rac1 Be6 24. Nf4 Bf7 25. Ng6 a5 26. Nxf8 Kxf8 27. b5 a4 28. Rb7 Be8 29. Rcc7 Nd7 30. Bf5 Ke7 31. Rxb6 g6 32.
Bd3 Rdc8 33. Rbc6 Rxc7 34. Rxc7 Kd8 35. Rc6 g5 36. Bc7+ Ke7 37. Bf5 Nb8 38. Rb6 Nd7 39. Re6+ Kf7 40. b6 Rc8 41. Rc6 Nxb6 42. Bxc8 Bxc6 43.
Bxb6 Kg6 44. Kd2 f5 45. Bc7 Kf6 46. Kc3 Kg6 47. Kb4 h5 48. Kc5 Ba8 49. Be6 g4 50. g3 1-0

[Event "Early-Titled-Tuesday-Blitz-March-19-2024"]
[Site "Chess.com"]
[Date "2024.03.19"]
[Round "10"]
[White "Zohid6"]
[Black "AlexanderKing"]
[Result "1-0"]
[WhiteElo "2868"]
[BlackElo "2647"]
[TimeControl "180+1"]
[EndTime "9:55:14 PDT"]
[Termination "Zohid6 won by checkmate"]

1. e4 e6 2. d4 d5 3. Nc3 Bb4 4. e5 c5 5. a3 Bxc3+ 6. bxc3 Qa5 7. Bd2 Qa4 8. h4 Ne7 9. Qg4 Kf8 10. Bd3 c4 11.
Be2 Qxc2 12. Nh3 Nbc6 13. h5 h6 14. Nf4 b6 15. Rc1 Qb2 16. Rd1 Bd7 17. O-O Qxa3 18.
Qf3 Ke8 19. Qg3 Rg8 20. Qe3 Nf5 21. Qf3 Na5 22. Rfe1 Rc8 23. Bf1 Qf8 24. g3 Nb3 25. Bc1 Nxc1 26. Rxc1 a5 27. Bh3 Ne7 28.
Ra1 Kd8 29. Reb1 Qe8 30. Rxb6 Kc7 31. Rd6 a4 32. Qe3 Ra8 33. Qc1 Nc8 34. Nxd5+ exd5 35. Rxd7+ Qxd7 36. Bxd7 Kxd7 37. Qa3 Ra6 38. Qc5 Ne7 39. Qb5+ Rc6 40. Rxa4 Rc8 41. Ra7+ Ke6 42. Qb7 Re8 43. Qd7# 1-0

[Event "Early-Titled-Tuesday-Blitz-March-19-2024"]
[Site "Chess.com"]
[Date "2024.03.19"]
[Round "10"]
[White "FaustinoOro"]
[Black "djano"]
[Result "1-0"]
[WhiteElo "2873"]
[BlackElo "2625"]
[TimeControl "180+1"]
[EndTime "9:55:17 PDT"]
[Termination "FaustinoOro won by resignation"]

1. e4 c5 2. Nf3 Nc6 3. Bb5 g5 4. O-O g4 5. Ne1 Nf6 6. Bxc6 dxc6 7. Qe2 h5 8. d3 Qc7 9. f4 gxf3 10. Nxf3 Bg4 11. h3 O-O-O 12. e5 Bxf3 13. Rxf3 Nd5 14. c4 Nb4 15. a3 Nxd3 16. Rxd3 Rxd3 17. Qxd3 Qxe5 18.
Qe3 Qd6 19. Nc3 Bg7 20. Qf3 Be5 21. Be3 Rg8 22. Rd1 Qe6 23. Ne4 Qxc4 24. Qf5+ Qe6 25.
Qxe6+ fxe6 26. Nxc5 Bxb2 27. a4 e5 28. Nxb7 Ba3 29.
Na5 Kc7 30. Nc4 Bd6 31. Bxa7 e4 32. a5 Kd7 33. Bc5 Ke6 34. Bxd6 exd6 35. Rxd6+ Kf5 36. Rxc6 Kf4 37. a6 Rd8 38. a7 Kg3 39. Rg6+ 1-0

[Event "Early-Titled-Tuesday-Blitz-March-19-2024"]
[Site "Chess.com"]
[Date "2024.03.19"]
[Round "10"]
[White "Matibar"]
[Black "MKlose11"]
[Result "0-1"]
[WhiteElo "2749"]
[BlackElo "2614"]
[TimeControl "180+1"]
[EndTime "9:55:17 PDT"]
[Termination "MKlose11 won by resignation"]

1. d4 Nf6 2. Nf3 c5 3. c4 cxd4 4. Nxd4 Nc6 5. Nc3 g6 6. g3 Bg7 7. Bg2 O-O 8. O-O d6 9. Bg5 Bd7 10. Rc1 Qa5 11. Bxf6 Bxf6 12. Nb3 Qh5 13. Qd2 Bh3 14. Nd5 Bg5 15. Nf4 Bxf4 16. Qxf4 Bxg2 17. Kxg2 b6 18. Rfd1 Qxe2 19. Rd2 Qe5 20. Qf3 Rac8 21. Re2 Qg5 22. h4 Qh6 23. Qe4 Qg7 24. h5 Rc7 25.
Rh1 Rfc8 26. Nd2 Nd4 27. Ree1 Ne6 28. b3 Rc5 29. hxg6 hxg6 30. Nf3 Rb8 31. Rh4 b5 32.
cxb5 Rcxb5 33. Reh1 Rb4 34. Qxb4 Rxb4 35. Rxb4 Qc3 36. Rb7 Qc6 37. Rxe7 Kf8 38. Rxe6 fxe6 39.
Rd1 g5 40. g4 Kf7 41. Kg3 Kf6 42. Rd4 Qc1 43. Rc4 Qb2 44. Ra4 e5 45. Ra6 e4 46.
Rxd6+ Ke7 47. Nd2 Qe5+ 48. Kg2 Qxd6 0-1

[Event "Early-Titled-Tuesday-Blitz-March-19-2024"]
[Site "Chess.com"]
[Date "2024.03.19"]
[Round "10"]
[White "2KTNGO"]
[Black "AlexPapasimakopoulos"]
[Result "1-0"]
[WhiteElo "2590"]
[BlackElo "2750"]
[TimeControl "180+1"]
[EndTime "9:55:18 PDT"]
[Termination "2KTNGO won by resignation"]

1. Nf3 d5 2. c4 e6 3. d4 a6 4.
Nbd2 Nf6 5. e3 Be7 6. Qc2 O-O 7.
a3 Nbd7 8. c5 b6 9. b4 bxc5 10.
bxc5 c6 11. Bd3 a5 12. O-O Ba6 13. Bxa6 Rxa6 14. Rb1 Qc7 15. Bb2 Rb8 16. Bc3 Raa8 17. Qa4 Ne4 18. Nxe4 dxe4 19. Nd2 f5 20. Nc4 Rxb1 21.
Rxb1 Rb8 22. Rxb8+ Qxb8 23. Qc2 a4 24. Bb4 Qb5 25. Nb2 Nf6 26. Nxa4 Nd5 27. Be1 f4 28. exf4 Nxf4 29. Nc3 Qd3 30. Qxd3 exd3 31. Bd2 Ne2+ 32. Nxe2 dxe2 33. a4 Bf6 34. g3 Bxd4 35. Kg2 Kf7 36. Kf3 Ke7 37. Kxe2 Kd7 38. Be3 Bc3 39. Kd3 Ba5 40. Kc4 e5 41. g4 g6 42. h3 Ke6 43. f3 h5 44. Bc1 hxg4 45. hxg4 Kd7 46. Bb2 Bc7 47. Bc3 Ke6 48. a5 Kd7 49. Kd3 Kc8 50.
a6 Kb8 51. Ke4 Ka7 52. Bxe5 Bd8 53. Bd6 Kxa6 54. f4 Kb7 55. f5 g5 56. Ke5 Kc8 57.
Ke6 1-0

[Event "Early-Titled-Tuesday-Blitz-March-19-2024"]
[Site "Chess.com"]
[Date "2024.03.19"]
[Round "10"]
[White "ChessQueen"]
[Black "Revan_2002"]
[Result "1-0"]
[WhiteElo "2753"]
[BlackElo "2580"]
[TimeControl "180+1"]
[EndTime "9:55:19 PDT"]
[Termination "ChessQueen won on time"]

1. e4 e5 2. Nf3 Nc6 3. Bb5 a6 4. Ba4 d6 5. c3 Bd7 6. d4 Nf6 7. O-O g6 8. d5 Ne7 9. Re1 Bg7 10.
c4 O-O 11. Nc3 h6 12. Bxd7 Nxd7 13. b4 f5 14. Ba3 a5 15. bxa5 Rxa5 16. Bb4 Ra8 17.
a4 b6 18. a5 bxa5 19. Rxa5 Rb8 20. Nb5 Nf6 21. exf5 Nxf5 22. Ra7 Rf7 23. Ba5 Rc8 24.
c5 e4 25. Nd2 e3 26. fxe3 Nxd5 27. e4 Nde3 28. Qb1 Qg5 29. Re2 Nd4 30. Nxd4 Bxd4 31. Kh1 Rcf8 32. Nf3 Ng4 33. Rxc7 Rxf3 34. gxf3 Nf2+ 35.
Rxf2 Bxf2 36. Qb3+ Kh8 37. Bc3+ 1-0

[Event "Early-Titled-Tuesday-Blitz-March-19-2024"]
[Site "Chess.com"]
[Date "2024.03.19"]
[Round "10"]
[White "BestestBP"]
[Black "Carlos-Godoy"]
[Result "1-0"]
[WhiteElo "2223"]
[BlackElo "2064"]
[TimeControl "180+1"]
[EndTime "9:55:21 PDT"]
[Termination "BestestBP won on time"]

1. e4 c5 2. Nf3 d6 3. d4 cxd4 4.
Nxd4 Nf6 5. Nc3 a6 6. Bg5 e6 7.
Be2 h6 8. Bh4 Be7 9. O-O Nbd7 10. Bc4 Qc7 11. Bxe6 O-O 12. Bb3 Nc5 13. Nf5 Ncxe4 14.
Nxe7+ Qxe7 15. Nxe4 Qxe4 16. Bxf6 gxf6 17. Qxd6 Qg6 18.
Rfe1 Bf5 19. Re3 Rad8 20. Qf4 Kh7 21. Rg3 Qh5 22. Re1 Rfe8 23. Rf1 Rd1 24. Qc4 Rxf1+ 25.
Qxf1 Rd8 26. c3 Bd3 27. Qc1 Qe2 28. h3 Bc4 29. Bc2+ Bd3 30. Bxd3+ Rxd3 31. Qf4 Rd2 32.
Qf5+ Kh8 33. Qxf6+ 1-0

[Event "Early-Titled-Tuesday-Blitz-March-19-2024"]
[Site "Chess.com"]
[Date "2024.03.19"]
[Round "10"]
[White "Kildepiotr"]
[Black "MaxLeto"]
[Result "1-0"]
[WhiteElo "2695"]
[BlackElo "2495"]
[TimeControl "180+1"]
[EndTime "9:55:23 PDT"]
[Termination "Kildepiotr won on time"]

1. Nf3 h5 2. d4 h4 3. h3 e6 4. Bf4 d5 5. e3 c5 6. Nbd2 cxd4 7.
exd4 Nc6 8. c3 Bd6 9. Bxd6 Qxd6 10. Bd3 Nge7 11. Qe2 Bd7 12. Nb3 b6 13. a4 f6 14.
O-O Kf7 15. a5 g5 16. axb6 axb6 17. Nh2 Ng6 18. Bxg6+ Kxg6 19. Rxa8 Rxa8 20. f4 gxf4 21. Qg4+ Kf7 22. Qxh4 e5 23. Ng4 Bxg4 24. Qxg4 Rg8 25. Qh5+ Rg6 26. Ra1 Qb8 27. Nd2 Kg7 28. Nf3 Qe8 29. Kh1 Qc8 30. Nh4 Rg5 31. Qf3 Qe6 32.
Qf2 Rg3 33. Nf3 e4 34. Nh2 Qf5 35. Rf1 1-0

[Event "Early-Titled-Tuesday-Blitz-March-19-2024"]
[Site "Chess.com"]
[Date "2024.03.19"]
[Round "10"]
[White "Cheer_Down"]
[Black "RantomOpening"]
[Result "0-1"]
[WhiteElo "2462"]
[BlackElo "2602"]
[TimeControl "180+1"]
[EndTime "9:55:24 PDT"]
[Termination "RantomOpening won by resignation"]

1. e4 c5 2. Nf3 e6 3. d4 cxd4 4. Nxd4 Nf6 5. Nc3 Nc6 6. Bf4 Bc5 7. Ndb5 O-O 8. Bc7 Qe7 9. Bd6 Bxd6 10. Qxd6 Qd8 11.
O-O-O a6 12. Nd4 Ne7 13. g4 b5 14. g5 Ne8 15. Qg3 b4 16. Na4 Bb7 17. Bd3 Nc6 18. Nb3 f6 19. Nbc5 Bc8 20. Bc4 Qe7 21.
h4 d6 22. Nb3 Ne5 23. Be2 Ra7 24. f4 Nc6 25. Bc4 Bd7 26. Nb6 Kh8 27. Nxd7 Rxd7 28. Qh3 Nc7 29. Kb1 a5 30. Nd4 Nxd4 31. Rxd4 d5 32. exd5 exd5 33. Bd3 f5 34. h5 Ne6 35. Qe3 Nxd4 36. Qxd4 Rc8 37. h6 Qc5 38. Qe5 Re7 39. Qxf5 g6 40. Qf6+ Kg8 41. Bxg6 hxg6 42. Qxg6+ Kf8 43.
Qf6+ Ke8 44. h7 Qxc2+ 45. Ka1 Qc1+ 0-1

[Event "Early-Titled-Tuesday-Blitz-March-19-2024"]
[Site "Chess.com"]
[Date "2024.03.19"]
[Round "10"]
[White "lluiss"]
[Black "DarZay"]
[Result "1-0"]
[WhiteElo "2246"]
[BlackElo "2338"]
[TimeControl "180+1"]
[EndTime "9:55:24 PDT"]
[Termination "lluiss won by resignation"]

1. Nf3 Nf6 2. d4 d5 3. c4 e6 4. cxd5 exd5 5. Nc3 c6 6. Qc2 Bb4 7. Bg5 h6 8. Bxf6 Qxf6 9. e3 Bf5 10. Bd3 Bxd3 11. Qxd3 Nd7 12. O-O Bd6 13. Rfc1 O-O 14. Rab1 Qg6 15. Qxg6 fxg6 16. Na4 g5 17. h3 Nf6 18. b4 Ne4 19. Nc5 Rxf3 20. gxf3 Nd2 21. Nxb7 Nxb1 22. Rxb1 Be7 23. b5 cxb5 24. Rxb5 Rb8 25.
Rb3 Kf7 26. Kf1 Ke6 27. Nc5+ Bxc5 28. Rxb8 Bb6 29. Rg8 Kf7 30. Rb8 g6 31. Rb7+ Kf6 32. Ke2 h5 33. a4 Kf5 34. Rf7+ Ke6 35. Rg7 Kf6 36. Rg8 Kf7 37. Rb8 Kf6 38. Kd3 Kf5 39.
Rf8+ Ke6 40. Rg8 Kf7 41. Rb8 Kf6 42. Kc3 Kf5 43. Rf8+ Ke6 44. Rg8 Kf7 45. Rb8 Ke6 46. Kb4 Bc7 47. Rb7 Bh2 48. Rxa7 Bg1 49. Ra6+ Kf5 50. Rd6 Bxf2 51. Rxd5+ Kf6 52. a5 Bxe3 53. Kb5 Bf4 54. a6 Ke6 55. Rd8 Bc7 56. Rc8 Bf4 57. a7 1-0

[Event "Early-Titled-Tuesday-Blitz-March-19-2024"]
[Site "Chess.com"]
[Date "2024.03.19"]
[Round "10"]
[White "FARIZA2018"]
[Black "Roedor"]
[Result "1-0"]
[WhiteElo "2531"]
[BlackElo "2309"]
[TimeControl "180+1"]
[EndTime "9:55:24 PDT"]
[Termination "FARIZA2018 won by resignation"]

1. e4 e5 2. Nf3 Nc6 3. Bb5 Nf6 4. d3 Bc5 5. O-O Nd4 6. Nxd4 Bxd4 7.
c3 Bb6 8. Nd2 O-O 9. Nf3 c6 10.
Ba4 Re8 11. Re1 h6 12. Be3 d5 13. exd5 Nxd5 14. Bxb6 axb6 15. Bc2 Bg4 16. h3 Bh5 17. g4 Bg6 18. Nxe5 Nf4 19. Qf3 Qg5 20. Nxg6 Nxg6 21.
d4 Nh4 22. Qd3 g6 23. a3 Qf4 24. Re3 Rxe3 25. Qxe3 Nf3+ 26. Kg2 Nh4+ 27. Kh1 Qd6 28. Re1 Qf6 29. Qg3 Ra5 30. Re8+ Kg7 31. Be4 h5 32. Re5 hxg4 33. hxg4 Ra8 34. g5 Qd6 35. Kg1 Rh8 36. b4 c5 37. bxc5 bxc5 38. Rxc5 Qb6 39. Qe5+ Kg8 40. Rc8+ 1-0

[Event "Early-Titled-Tuesday-Blitz-March-19-2024"]
[Site "Chess.com"]
[Date "2024.03.19"]
[Round "10"]
[White "HelvertHernandez"]
[Black "ZenBull"]
[Result "0-1"]
[WhiteElo "2033"]
[BlackElo "2265"]
[TimeControl "180+1"]
[EndTime "9:55:24 PDT"]
[Termination "ZenBull won by checkmate"]

1. e4 d6 2. d4 Nf6 3. Nc3 e5 4. dxe5 dxe5 5. Qxd8+ Kxd8 6. Bg5 Be6 7. O-O-O+ Nd7 8. f4 exf4 9. Bxf4 Bb4 10. Nd5 Ba5 11. Nxf6 gxf6 12. Nf3 Ke7 13. Kb1 Rhg8 14. g3 Bg4 15. Be2 Bxf3 16. Bxf3 Ne5 17. Bxe5 fxe5 18.
Rd5 Bb6 19. Rxe5+ Kf6 20. Rf5+ Ke6 21. Bh5 f6 22. Rhf1 Bd4 23. Be2 Ke7 24. Bc4 Rg7 25. Rd5 Be5 26. Rfd1 Bd6 27. Rh5 Rd8 28. c3 a6 29. Kc2 Rh8 30. Bd5 b6 31. Bb7 a5 32.
Bc6 h6 33. Bb5 Rg5 34. Rd5 Re5 35. Rdxe5+ Bxe5 36. Bc6 Kf7 37. Bd5+ Kg6 38. g4 Rd8 39. Be6 Rd6 40. Bf5+ Kg7 41. h4 Bf4 42. b4 axb4 43.
cxb4 Rd4 44. a3 Rd2+ 45. Kc3 Rg2 46. Kb3 b5 47. a4 Rg3+ 48. Ka2 bxa4 49. Bd7 a3 50. Bf5 Bd6 51. b5 Rg2+ 52. Kb1 a2+ 53. Ka1 Be5# 0-1

[Event "Early-Titled-Tuesday-Blitz-March-19-2024"]
[Site "Chess.com"]
[Date "2024.03.19"]
[Round "10"]
[White "Flawless_Fighter"]
[Black "ChessSwole"]
[Result "0-1"]
[WhiteElo "2830"]
[BlackElo "2709"]
[TimeControl "180+1"]
[EndTime "9:55:25 PDT"]
[Termination "ChessSwole won on time"]

1. e4 c5 2. Nf3 e6 3. c3 d5 4.
exd5 Qxd5 5. d4 Nf6 6. Bd3 Nc6 7. O-O Be7 8. c4 Qd6 9. dxc5 Qxc5 10. Be3 Qh5 11. h3 O-O 12. Nc3 b6 13. Be2 Bb7 14. Ng5 Qh4 15. g3 Qh6 16. Bf3 Qg6 17. h4 Rfd8 18.
Qa4 Rac8 19. Rad1 h6 20. Rxd8+ Bxd8 21. Nh3 Qf5 22. Bg2 Ng4 23. Be4 Qf6 24. Bc1 Nge5 25. Nf4 Bc7 26. Be3 Bb8 27. Nh5 Qe7 28. Rd1 Ng4 29.
Bf4 Nce5 30. Bxe5 Nxe5 31. Nf4 Rxc4 32. Qb3 Bxe4 33. Nxe4 Rxe4 34. Qc3 Rc4 35. Qe3 Rc8 36. Rd4 Ng4 37. Qf3 Bxf4 38. Qxg4 Be5 39. Re4 f5 0-1

[Event "Early-Titled-Tuesday-Blitz-March-19-2024"]
[Site "Chess.com"]
[Date "2024.03.19"]
[Round "10"]
[White "tusplingher"]
[Black "Let_it_be_1"]
[Result "0-1"]
[WhiteElo "2483"]
[BlackElo "2610"]
[TimeControl "180+1"]
[EndTime "9:55:25 PDT"]
[Termination "Let_it_be_1 won by checkmate"]

1. e4 e6 2. d4 d5 3. Nc3 Nf6 4.
Bg5 dxe4 5. Nxe4 Be7 6. Bxf6 Bxf6 7. Nf3 O-O 8. c3 Nd7 9. Bd3 e5 10. O-O exd4 11. Nxf6+ Qxf6 12. Nxd4 Ne5 13. Be2 c5 14. Nf3 Ng6 15. Re1 Nf4 16. Bf1 Bg4 17. Re3 Rad8 18.
Qe1 Nd5 19. Re5 Bxf3 20. gxf3 b6 21. Rd1 Nc7 22. Rxd8 Rxd8 23. Re7 Ne6 24. Rxa7 h5 25. Bc4 Qxf3 26. Rxf7 Qg4+ 27. Kh1 Kxf7 28. Be2 Qe4+ 29. Kg1 Qg6+ 30. Kh1 Kf8 31. Bc4 Nf4 32. Bf1 Re8 33.
Qd2 Qe4+ 34. Kg1 Re6 35. Qd8+ Kf7 36. Qd7+ Kg8 37. Qd8+ Kh7 38. f3 Qe3+ 39. Kh1 Rg6 40. Qh4 Qg1# 0-1

[Event "Early-Titled-Tuesday-Blitz-March-19-2024"]
[Site "Chess.com"]
[Date "2024.03.19"]
[Round "10"]
[White "ajedrezsinlimites"]
[Black "Misterfox120"]
[Result "1-0"]
[WhiteElo "2606"]
[BlackElo "2433"]
[TimeControl "180+1"]
[EndTime "9:55:25 PDT"]
[Termination "ajedrezsinlimites won by resignation"]

1. e4 c6 2. d4 d5 3. exd5 cxd5 4. Bd3 Nc6 5. c3 Nf6 6. Bf4 Bg4 7. Qb3 Qd7 8. Nd2 e6 9. Ngf3 Bd6 10. Bxd6 Qxd6 11.
Qxb7 Rb8 12. Qa6 Rb6 13. Qa4 O-O 14. b4 Rc8 15. O-O Ne7 16. Rac1 Bf5 17. Ne5 a5 18. bxa5 Bxd3 19. axb6 Bxf1 20. b7 Rb8 21. Kxf1 Rxb7 22. Nb3 Rb8 23. Nc5 Ng6 24. Ncd3 Rc8 25. f3 Qc7 26. g3 Nxe5 27. Nxe5 Ne8 28. Qd7 Qxd7 29. Nxd7 Nd6 30. a4 Rc7 31. Nc5 Nc4 32. Ke2 Ra7 33. Ra1 Kf8 34. Kd3 Ke7 35. Kc2 Kd6 36. Kb3 e5 37.
Kb4 exd4 38. cxd4 Nd2 39. Ra3 Nc4 40. Ra2 Kc6 41. Re2 Kd6 42. Re8 Nd2 43. f4 Nf3 44.
Kc3 Rc7 45. Rd8+ Ke7 46. Rxd5 Rc6 47. a5 Nxh2 48. a6 Rc7 49. Kb4 Nf3 50. Kb5 Nd2 51.
Kb6 Rc8 52. Rd7+ Ke8 53. a7 Nc4+ 54. Kb7 Ra8 55. Kxa8 Nb6+ 1-0

[Event "Early-Titled-Tuesday-Blitz-March-19-2024"]
[Site "Chess.com"]
[Date "2024.03.19"]
[Round "10"]
[White "nihalsarin"]
[Black "HansOnTwitch"]
[Result "1-0"]
[WhiteElo "3174"]
[BlackElo "3081"]
[TimeControl "180+1"]
[EndTime "9:55:26 PDT"]
[Termination "nihalsarin won on time"]

1. a3 e5 2. c4 c6 3. d4 e4 4. d5 Nf6 5. Nc3 d6 6. Bg5 h6 7. Bh4 e3 8. fxe3 Be7 9. Nf3 O-O 10.
e4 Na6 11. e5 Nxd5 12. cxd5 Bxh4+ 13. Nxh4 Qxh4+ 14. g3 Qe7 15. exd6 Qxd6 16. Bg2 cxd5 17. Qxd5 Qb6 18. Qb5 Nc5 19. Qxb6 axb6 20. Rd1 Be6 21. Rd6 Ra6 22. Kf2 Re8 23. Rc1 Kf8 24. Nb5 Ke7 25.
b4 Bd7 26. bxc5 Bxb5 27. Rxb6 Rxb6 28. cxb6 Kd6 29. Bf3 Ba6 30. Rc7 f6 31. Rxg7 Kc5 32. Rg6 Re6 33. Rxh6 Rxb6 34. g4 Rd6 35. h4 Bc4 36.
Bxb7 1-0

[Event "Early-Titled-Tuesday-Blitz-March-19-2024"]
[Site "Chess.com"]
[Date "2024.03.19"]
[Round "10"]
[White "MdChess1734"]
[Black "EternalNight8"]
[Result "1/2-1/2"]
[WhiteElo "2376"]
[BlackElo "2484"]
[TimeControl "180+1"]
[EndTime "9:55:26 PDT"]
[Termination "Game drawn by repetition"]

1. e4 e5 2. Nf3 Nf6 3. Nxe5 d6 4. Nf3 Nxe4 5. Nc3 Nxc3 6. dxc3 Be7 7. Bd3 Nd7 8. Be3 Nf6 9. Qd2 O-O 10. O-O-O c5 11.
c4 Be6 12. Ng5 d5 13. cxd5 Qxd5 14. Bxh7+ Nxh7 15. Qxd5 Bxd5 16. Rxd5 Nf6 17. Rd2 Ng4 18. Bf4 Rfd8 19. f3 Nf6 20. Rhd1 Rxd2 21. Rxd2 c4 22.
c3 b5 23. Re2 Kf8 24. Be5 Nd5 25. Ne4 b4 26. Rd2 Ne3 27. cxb4 Bxb4 28. Rd7 f6 29.
Bd6+ Bxd6 30. Nxd6 Nxg2 31. Nxc4 Rc8 32. b3 Ne3 33. Rxa7 Nxc4 34. bxc4 Rxc4+ 35. Kd2 Rh4 36. a4 Rxh2+ 37. Ke3 Ra2 38. a5 Ra4 39. Kf2 g5 40. Kg3 f5 41. a6 Kg8 42. Kg2 Ra2+ 43. Kg3 Ra4 44. Kf2 Ra3 45. Kg3 Ra4 1/2-1/2

[Event "Early-Titled-Tuesday-Blitz-March-19-2024"]
[Site "Chess.com"]
[Date "2024.03.19"]
[Round "10"]
[White "RoelandPruijssers"]
[Black "stollenmonster"]
[Result "0-1"]
[WhiteElo "2717"]
[BlackElo "2896"]
[TimeControl "180+1"]
[EndTime "9:55:27 PDT"]
[Termination "stollenmonster won by checkmate"]

1. e4 c5 2. Nf3 Nf6 3. e5 Nd5 4. Nc3 e6 5. Ne4 Nc6 6. b3 f5 7.
Nc3 Nde7 8. Bb2 Ng6 9. Qe2 Qc7 10. Nb5 Qb8 11. a4 b6 12. h4 a6 13. Na3 Nf4 14. Qd1 Bb7 15. Nc4 b5 16. Nb6 Ra7 17.
g3 Ng6 18. Qe2 Qc7 19. axb5 axb5 20. h5 Rxa1+ 21. Bxa1 Ngxe5 22. Nxe5 Nxe5 23. Bxe5 Qxb6 24. h6 g6 25. Rh2 Rg8 26. Qxb5 Qxb5 27. Bxb5 Kd8 28.
f4 d6 29. Bb2 Be7 30. Re2 Bc8 31. Bc4 d5 32. Bb5 g5 33. Be5 Rg6 34. Bg7 Bf6 35.
Bf8 Be7 36. Bg7 Bf6 37. Bf8 gxf4 38. gxf4 Bd4 39. c3 Rg1# 0-1

[Event "Early-Titled-Tuesday-Blitz-March-19-2024"]
[Site "Chess.com"]
[Date "2024.03.19"]
[Round "10"]
[White "SamCopeland"]
[Black "toninhojit"]
[Result "0-1"]
[WhiteElo "2365"]
[BlackElo "2484"]
[TimeControl "180+1"]
[EndTime "9:55:27 PDT"]
[Termination "toninhojit won by checkmate"]

1. e4 c5 2. Nf3 d6 3. d4 cxd4 4. Nxd4 Nf6 5. Nc3 g6 6. Be3 Bg7 7. f3 O-O 8. Qd2 Nc6 9. g4 Bxg4 10. fxg4 Nxg4 11. Nb3 Nce5 12. O-O-O a5 13. a4 Rc8 14.
Be2 Nc4 15. Bxc4 Rxc4 16. Kb1 Bxc3 17. bxc3 Qc7 18. Bd4 e5 19. Be3 Rxa4 20. Bg5 Rxe4 21. h3 a4 22. hxg4 axb3 23. Rxh7 bxc2+ 24. Kxc2 Qc4 25. Rh8+ Kxh8 26. Bf6+ Kg8 27. Rh1 Qa2+ 28. Kd3 Qc4+ 29. Kc2 Qa4+ 30. Kd3 Rd4+ 31. cxd4 Qxd4+ 32. Ke2 Qe4+ 33. Kf2 Qxh1 34. Qg5 Qh2+ 35. Kf3 Rc8 36. Ke4 Qc2+ 37.
Kd5 Qc6# 0-1

[Event "Early-Titled-Tuesday-Blitz-March-19-2024"]
[Site "Chess.com"]
[Date "2024.03.19"]
[Round "10"]
[White "IngOscarArdila"]
[Black "martinmena"]
[Result "1-0"]
[WhiteElo "2409"]
[BlackElo "2264"]
[TimeControl "180+1"]
[EndTime "9:55:27 PDT"]
[Termination "IngOscarArdila won by resignation"]

1. d4 d5 2. c4 e6 3. Nc3 Nf6 4. Bg5 Be7 5. Nf3 Nbd7 6. e3 O-O 7. Qc2 Re8 8. Bd3 Nf8 9. Ne5 c6 10. O-O h6 11. Bh4 N6d7 12. Bxe7 Qxe7 13. f4 Nxe5 14. fxe5 Qg5 15. Rf4 dxc4 16. Bxc4 b5 17. Bd3 Qe7 18. Raf1 Bb7 19. Rxf7 Qxf7 20. Rxf7 Kxf7 21.
Bg6+ Nxg6 22. Ne4 Red8 23. Qc5 Rd5 24. Qa3 Kg8 25. Nc5 Bc8 26. b4 a6 27. Ne4 Rd7 28.
Qc3 Bb7 29. Nc5 Rc7 30. Nxe6 Re7 31. Qb3 Kh7 32. Nc5 Rc8 33. Qc2 Rf8 34. h4 h5 35. Qe2 Kh6 36. g3 Ref7 37. a3 Rf1+ 38. Qxf1 Rxf1+ 39. Kxf1 Bc8 40. Ke2 Ne7 41. Kd3 g5 42. e4 Kg6 43. Ke3 gxh4 44. gxh4 Ng8 45. d5 cxd5 46. exd5 Kf5 47. e6 Kf6 48. Kd4 Ke7 49.
Ke5 Nh6 50. d6+ Kd8 51. d7 Bxd7 52. exd7 Ng4+ 53. Kd6 1-0

[Event "Early-Titled-Tuesday-Blitz-March-19-2024"]
[Site "Chess.com"]
[Date "2024.03.19"]
[Round "10"]
[White "Kotlyar_K"]
[Black "Kotofeyca"]
[Result "0-1"]
[WhiteElo "2606"]
[BlackElo "2471"]
[TimeControl "180+1"]
[EndTime "9:55:28 PDT"]
[Termination "Kotofeyca won by checkmate"]

1. e4 c5 2. Nf3 d6 3. d4 cxd4 4. Nxd4 Nf6 5. Nc3 a6 6. h4 e5 7.
Nb3 Be6 8. Bg5 Be7 9. Bxf6 Bxf6 10. g3 O-O 11. Qd2 Qc7 12. O-O-O Be7 13. Bh3 Nd7 14. f4 b5 15. f5 Bc4 16. Nd5 Bxd5 17. Qxd5 Nb6 18.
Qd3 Rfd8 19. g4 d5 20. exd5 Rxd5 21. Qe4 Rxd1+ 22. Rxd1 Bxh4 23. Bf1 h6 24. Bd3 Bf6 25. Be2 Rc8 26. Kb1 Nc4 27. Nd2 Nd6 28. Qd3 Rd8 29.
Ne4 Nxe4 30. Qxe4 Rxd1+ 31. Bxd1 Qd6 32. Bf3 Qd2 33. a3 Qd4 34. Qa8+ Kh7 35. Qxa6 e4 36. Qxb5 exf3 37. a4 f2 38. Ka2 Qd1 39. Qe8 f1=Q 40. Qxf7 Qd8 41. b3 Qa1# 0-1

[Event "Early-Titled-Tuesday-Blitz-March-19-2024"]
[Site "Chess.com"]
[Date "2024.03.19"]
[Round "10"]
[White "moro182"]
[Black "jefferyx"]
[Result "1-0"]
[WhiteElo "2891"]
[BlackElo "3090"]
[TimeControl "180+1"]
[EndTime "9:55:31 PDT"]
[Termination "moro182 won by resignation"]

1. d4 Nf6 2. Bf4 c5 3. e3 Qb6 4. Na3 d5 5. Nb5 Na6 6. a4 Bd7 7. b3 e6 8. Nf3 Be7 9. Be2 O-O 10. O-O Ne4 11. Ne5 Bxb5 12. axb5 Nb8 13. c4 Nc3 14. dxc5 Bxc5 15. Qc2 Nxe2+ 16. Qxe2 f6 17. Nd3 dxc4 18. bxc4 e5 19. Bg3 Nd7 20. Rfd1 a5 21. Qf3 a4 22. Nb2 a3 23. Na4 Rxa4 24. Rxd7 Qe6 25.
Qxb7 Rf7 26. Rxf7 Qxf7 27. Qc8+ Bf8 28. b6 Rb4 29. f4 Qxc4 30. Qxc4+ Rxc4 31. fxe5 Rb4 32.
exf6 Rxb6 33. fxg7 Kxg7 34. Be5+ Kf7 35. Kf2 Ke6 36.
Bd4 Rb3 37. Kf3 Kd5 38. Rc1 a2 39. Rc8 Ba3 40. Ra8 Kc4 41. Ke4 h5 42. g3 Kb4 43. h3 Rb1 44. g4 hxg4 45. hxg4 Rd1 46. Be5 Rg1 47. Bd6+ 1-0

[Event "Early-Titled-Tuesday-Blitz-March-19-2024"]
[Site "Chess.com"]
[Date "2024.03.19"]
[Round "10"]
[White "Grossboss19"]
[Black "ChainedDowntohell"]
[Result "1-0"]
[WhiteElo "2568"]
[BlackElo "2506"]
[TimeControl "180+1"]
[EndTime "9:55:31 PDT"]
[Termination "Grossboss19 won by resignation"]

1. c4 e5 2. Nc3 Nc6 3. Nf3 f5 4. d3 Bb4 5. g3 d6 6. Bg2 Bxc3+ 7. bxc3 Nf6 8. O-O O-O 9. Ne1 Qe8 10. f4 exf4 11. Bxf4 Bd7 12. Nc2 Qh5 13. h3 Rae8 14. Rf2 b6 15. Nd4 Ne5 16. Qd2 h6 17. Raf1 c5 18.
Nb5 Bxb5 19. cxb5 Ng6 20. Bxd6 f4 21. g4 Qg5 22. Bxf8 Rxf8 23. Rxf4 Re8 24. e4 h5 25.
R4f2 Qh4 26. g5 Nh7 27. Rf5 Qg3 28. R1f3 Qd6 29. Rd5 Qe7 30. Rff5 Rc8 31. Qe1 Qc7 32. Rf3 Ne7 33. g6 Nxg6 34. Rxh5 Re8 35. Rg3 Qd6 36.
Rd5 Qe6 37. Qf2 Ne5 38. Qf5 Qe7 39. d4 cxd4 40. cxd4 Nd3 41. e5 Rf8 42. Qxd3 Qe6 43. Rd6 Qf7 44. Bd5 1-0

[Event "Early-Titled-Tuesday-Blitz-March-19-2024"]
[Site "Chess.com"]
[Date "2024.03.19"]
[Round "10"]
[White "IsaqueGoncalvesSanto"]
[Black "Ati1517"]
[Result "0-1"]
[WhiteElo "1882"]
[BlackElo "2229"]
[TimeControl "180+1"]
[EndTime "9:55:31 PDT"]
[Termination "Ati1517 won on time"]

1. d4 Nf6 2. c4 g6 3. Nc3 Bg7 4. e4 d6 5. f3 O-O 6. Be3 e5 7. d5 c6 8. Qd2 cxd5 9. cxd5 Bd7 10. Bd3 Na6 11. Nge2 Rc8 12. O-O Nc5 13. Bc2 b6 14. b4 Na6 15. a3 Nh5 16. g4 Nf4 17.
Nxf4 exf4 18. Bd4 Qc7 19. Bxg7 Kxg7 20. Bd3 Qxc3 21. Qxc3+ Rxc3 22. Bxa6 b5 23. Kg2 h5 24.
h3 hxg4 25. hxg4 Rc2+ 26. Rf2 Rc3 27. Rff1 f5 28. gxf5 gxf5 29. Rfc1 Re3 30. Rc7 Rf7 31.
exf5 Kf6 32. Kf2 Rfe7 33. Ra2 Kxf5 34. Rxa7 Rh7 35. Rxd7 Rh2+ 36. Kg1 Rxa2 37. Rxd6 Rxf3 38. Bxb5 Rfxa3 39. Bd7+ Ke4 40. Re6+ Kf3 41. Re1 Ra1 0-1